 Dungeon Crawl Stone Soup version 0.19-a0-1815-g4007336 (webtiles) character file.

110 Ijustatesigmund the Sneak (level 4, 0/22 HPs)
             Began as a Spriggan Assassin on Oct 5, 2016.
             Succumbed to an orc's poison
             ... on level 3 of the Dungeon.
             The game lasted 00:07:32 (2732 turns).

Ijustatesigmund the Sneak (Spriggan Assassin)       Turns: 2732, Time: 00:07:33

Health: 0/22       AC:  3    Str:  4 (7)  XL:     4   Next: 61%
Magic:  9/9        EV: 18    Int: 12 (13) God:
Gold:   97         SH:  0    Dex: 16 (19) Spells: 0 memorised, 9 levels left

rFire  . . .     SeeInvis +     a - +3 dagger
rCold  . . .     Gourm    .     c - +0 robe
rNeg   . . .     Faith    .     (shield restricted)
rPois  .         Spirit   .     (helmet restricted)
rElec  .         Dismiss  .     d - +0 cloak
rCorr  .         Reflect  .     (gloves unavailable)
MR     .....     Harm     .     (boots unavailable)
Stlth  +++.......               (no amulet)
                                (no ring)
                                n - +2 ring of dexterity

@: lethally poisoned (0 -> -7), very quick
A: unfitting armour, see invisible, herbivore 3, speed 3, slow metabolism 2
a: no special abilities


You were on level 3 of the Dungeon.
You were not hungry.

You visited 1 branch of the dungeon, and saw 3 of its levels.

You collected 97 gold pieces.

Inventory:

Hand Weapons
 a - a +3 dagger (weapon)
 b - a +0 blowgun
 h - a +0 hunting sling
Missiles
 f - 7 curare-tipped needles
 k - 37 sling bullets
 m - 5 tomahawks (quivered)
 r - 5 poisoned needles
Armour
 c - a +0 robe (worn)
 d - a +0 cloak (worn)
Jewellery
 n - a +2 ring of dexterity (left hand)
Scrolls
 e - a scroll of remove curse
 i - a scroll of enchant weapon
 p - a scroll of fog {unknown}
 q - a scroll of magic mapping {unknown}
Potions
 l - 2 potions of might
Comestibles
 g - a bread ration
 o - 3 slices of pizza


   Skills:
 - Level 1.5 Fighting
 + Level 3.2 Short Blades
 - Level 2.0 Throwing
 + Level 3.0 Dodging
 + Level 6.6 Stealth
 - Level 3.0 Spellcasting


You had 9 spell levels left.
You didn't know any spells.

Dungeon Overview and Level Annotations

Branches:
Dungeon (3/15)

Altars:

Annotations:
D:3 Avanven's ghost, amateur HESk


Innate Abilities, Weirdness & Mutations

You are very small and have problems with some larger weapons.
You are too small for most types of armour.
You have supernaturally acute eyesight. (SInv)
You are a herbivore.
You cover ground extremely quickly.
You need consume almost no food.


Message History

You feel sick. The orc hits you but does no damage.
You are more poisoned.
You feel sick.
You feel sick.
You feel sick.
You feel sick.
A worm comes into view.
Okay, then.
You feel sick.
The orc priest mumbles some strange prayers to Beogh against you.
Beogh smites you!
Ouch! That really hurt!
* * * LOW HITPOINT WARNING * * *
* * * LOW HITPOINT WARNING * * *
You feel sick.
A rat comes into view.
It was a potion of degeneration.
There was something very wrong with that liquid.
You feel weakened.
You feel dopey.
You feel clumsy.
You die...

##.......o#....#
...............#
........#o#...##
........o....#
......#.#...#
..#...#.#...##
.............#
.r...........#
......#@#...##
.....##.#...#
.....##.#...##
.............#
#....##.#.#.##
.....##.#.#.##
.............#
....##.###.##
.........##.#


You could see 2 orcs and a rat (wandering).

Vanquished Creatures
  4 adders
  3 worms (D:2)
  3 dart slugs
  5 leopard geckos
  An orc (D:3)
  2 giant cockroaches
  8 goblins
  5 hobgoblins
  4 jackals
  2 quokkas (D:2)
  2 bats (D:2)
  2 frilled lizards (D:1)
  6 kobolds
  6 rats
53 creatures vanquished.

Notes
Turn   | Place    | Note
-------+----------+-------------------------------------------
     0 | D:1      | Ijustatesigmund the Spriggan Assassin began the quest for the Orb.
     0 | D:1      | Reached XP level 1. HP: 10/10 MP: 2/2
    25 | D:1      | Reached skill level 1 in Spellcasting
   210 | D:1      | Reached XP level 2. HP: 14/14 MP: 6/6
   734 | D:1      | Reached XP level 3. HP: 13/18 MP: 8/8
  1077 | D:2      | Reached skill level 6 in Stealth
  1473 | D:2      | Reached XP level 4. HP: 9/22 MP: 9/9
  2208 | D:3      | Noticed Avanven's ghost (amateur HESk)
  2730 | D:3      | HP: 1/22 [poisoned by an orc]
  2732 | D:3      | Succumbed to an orc's poison

Vault maps used:
D:1:      minmay_arrival_checkered_box, grunt_decor_one_mirror, minivault_19
D:3:      lemuel_doored_altar

Skill      XL: |  1  2  3  4 |
---------------+-------------+-----
Spellcasting   | 2 3 |  3.0
Stealth        | 6 |  6.6
Dodging        | 2 3 |  3.0
Short Blades   | 3 |  3.2
Fighting       | |  1.5
Throwing       | |  2.0

Action                   |  1- 3 |  4- 6 || total
-------------------------+-------+-------++-------
Melee: Dagger            |   122 |    27 ||   149
 Fire: Blowgun           |    29 |    24 ||    53
  Use: Scroll            |     5 |       ||     5
       Potion            |       |     1 ||     1
 Stab: Sleeping          |     2 |     1 ||     3
       Distracted        |       |     1 ||     1
Armor: Robe              |    11 |     3 ||    14
Dodge: Dodged            |    78 |    17 ||    95
